AoeStats
← Rentarō-san

Migration

507952466Analyzed
1v1 RM · 11d ago on Sep 20, 2026· 45m 42s· 2 players
Game mode
Random Map
Map size
132×132
Population
200
Speed
Normal
Resources
Standard
Victory
Conquest
Starting age
Dark Age
Ending age
Imperial Age
RankedLock teamsTeams togetherTeam positionsShared explorationLock speedFull tech treeHidden civsTurbo modeCheats
Victory
Defeat
🇳🇱 Berbers · Netherlands
927
+14
🇦🇹 Byzantines · Austria
883
-14
Rentarō-san
11:07 Feudal Age
9:23 Loom
13:10 Double-Bit Axe
13:26 Horse Collar
13:52 Gold Mining
20:44 Castle Age
19:23 Fishing Lines
21:48 Medium Warships
22:11 Heavy Plow
22:23 Bow Saw
22:52 Gold Shaft Mining
22:09 Stone Mining
24:35 Stone Shaft Mining
31:34 Pikeman
32:16 Squires
32:20 Scale Mail Armor
32:31 Forging
33:31 Chain Mail Armor
38:01 Imperial Age
36:29 Wheelbarrow
36:23 Ballistics
35:59 Murder Holes
38:19 Iron Casting
37:36 Fletching
39:34 Heavy Warships
39:04 Gillnets
41:06 Bodkin Arrow
43:41 Elite Skirmisher
Rogueny
8:08 Loom
12:23 Feudal Age
12:52 Double-Bit Axe
12:48 Horse Collar
20:21 Castle Age
21:57 Bow Saw
22:14 Town Watch
23:05 Wheelbarrow
22:51 Scale Barding Armor
22:57 Forging
23:49 Medium Warships
27:43 Bloodlines
27:33 Husbandry
29:05 Heavy Plow
29:54 Hand Cart
31:13 Careening
31:55 Ballistics
34:02 Fletching
34:22 Padded Archer Armor
34:39 Town Patrol
35:23 Bodkin Arrow
38:57 Imperial Age
37:46 Thumb Ring
38:12 Leather Archer Armor
38:28 Clinker Construction
40:53 Chemistry
40:10 Masonry
40:33 Bracer
42:22 Hoardings
43:44 Heavy Warships
44:14 Gold Mining
Connection lost

Rejoining the realm…

Still unreachable

The connection could not be restored.

Session expired

The server has moved on; the page needs a fresh start.